 Dungeon Crawl Stone Soup version 0.21-a0-634-gaf8bc5d (webtiles) character file.

951 Gorglomux the Skirmisher (level 7, -23/64 (66) HPs)
             Began as a Purple Draconian Arcane Marksman on Dec 29, 2017.
             Was a Believer of Kikubaaqudgha.
             Killed from afar by Thaneod's ghost (29 damage)
             ... with a fireball
             ... on level 5 of the Dungeon.
             The game lasted 00:17:43 (6614 turns).

Gorglomux the Skirmisher (DrAM)                     Turns: 6614, Time: 00:17:43

HP:   -23/64 (66)   AC:  6    Str: 12    XL:     7   Next: 90%
MP:   8/8           EV: 14    Int: 14    God:    Kikubaaqudgha [**....]
Gold: 212           SH:  0    Dex: 10    Spells: 5/8 levels left

rFire    . . .     SeeInvis .   b - +0 trident
rCold    . . .     Gourm    .   (no shield)
rNeg     . . .     Faith    .   (armour unavailable)
rPois    .         Spirit   .   (helmet restricted)
rElec    .         Reflect  .   (no cloak)
rCorr    .         Harm     .   (no gloves)
MR       +....                  (no boots)
Stlth    +.........             (no amulet)
HPRegen  0.20/turn              h - -3 ring of dexterity
MPRegen  0.11/turn              (no ring)

@: no status effects
A: breathe power, unfitting armour, cold-blooded, AC +6
a: Breathe Dispelling Energy, Receive Corpses, Renounce Religion


You were on level 5 of the Dungeon.
You worshipped Kikubaaqudgha.
Kikubaaqudgha was pleased with you.
You were hungry.

You visited 1 branch of the dungeon, and saw 5 of its levels.

You collected 212 gold pieces.

Inventory:

Hand Weapons
 a - a +0 hand crossbow
 b - a +0 trident (weapon)
Missiles
 c - 6 bolts
Jewellery
 h - a -3 ring of dexterity (left hand)
Wands
 s - a wand of flame (24)
 E - a wand of enslavement (3)
Scrolls
 i - a scroll of random uselessness {unknown}
 j - a scroll of magic mapping {unknown}
 l - a scroll of enchant armour {unknown}
 q - a scroll of fog {unknown}
 v - 2 scrolls of remove curse
 y - a scroll of amnesia
 R - 4 scrolls of identify
 T - 2 scrolls of teleportation
Potions
 g - a potion of brilliance
 p - a potion of might
 u - a potion of heal wounds
 x - a potion of lignification
 Q - 2 potions of curing
 U - a potion of flight
 V - a potion of magic
Books
 e - a book of Debilitation

   Spells                             Type                      Level
   a - Corona                         Hexes                        1
   b - Slow                           Hexes                        2
   c - Inner Flame                    Hexes/Fire                   3
   d - Portal Projectile              Hexes/Translocation          3
   e - Cause Fear                     Hexes                        4
   f - Leda's Liquefaction            Hexes/Earth                  4
 w - Kikubaaqudgha's Papyrus of Sinister Rites {god gift}
   (Kikubaaqudgha gifted it to you on level 3 of the Dungeon)

   Spells                             Type                      Level
   a - Pain                           Necromancy                   1
   b - Corpse Rot                     Necromancy                   2
   c - Sublimation of Blood           Necromancy                   2
   d - Vampiric Draining              Necromancy                   3
Comestibles
 d - 6 rations


   Skills:
 + Level 7.0 Fighting
 - Level 1.7 Crossbows
 + Level 6.1 Dodging
 - Level 1.2 Spellcasting
 - Level 3.2 Hexes


You had 5 spell levels left.
You knew the following spells:

 Your Spells              Type           Power        Failure   Level  Hunger
a - Corona                Hex            ##.....      7%          1    ##.....
b - Slow                  Hex            ##......     10%         2    ###....


Dungeon Overview and Level Annotations

Branches:
Dungeon (5/15)
 Temple: D:4-7

Altars:
Dithmenos
Kikubaaqudgha
Nemelex Xobeh
Qazlal
Ru
Yredelemnul

Annotations:
D:5 Thaneod's ghost, novice DEFE


Innate Abilities, Weirdness & Mutations

You can breathe bolts of dispelling energy.
Your rich purple scales are hard. (AC +6)
You cannot fit into any form of body armour.
You are cold-blooded and may be slowed by cold attacks.


Message History

The quokka closely misses you! The quokka barely misses you!
You stick the quokka like a pincushion!
The quokka is heavily wounded!
The quokka misses you!
You skewer the quokka like a kebab!!!
You annihilate the quokka!!!
Kikubaaqudgha roars: ANNIHILATED!
Kikubaaqudgha is protecting you from necromantic miscasts and death curses!
Thaneod's butt points at you and mumbles some strange words!
The butt explodes!!!
The fireball engulfs you!!!
You butt an angry hiss!
You see here 23 stones!
Thaneod's ghost gestures at you while chanting!
The butt explodes!!!
The fireball engulfs you!!! * * * don'butt die
* * * Thaneod'butts ghost says, "I practised a lot since I died!"
Thaneod'butts ghost casts a butt at you!
The fireball explodes!!!
The fireball engulfs you!!! rip Kikubaaqudgha rasps: "You have failed me!!!
Welcome!!! death!!!"

#........# ##........##.
########.#### #.##......##
.........# #.##......##
........# ####.##........
........# #....###>##.##.
........# #....# #.##....
...†....# ##..#####.######
........##########...........#
...........W....@...#........#
#
........###.........#........#
# ........#
##.................# #
######### #........#........#
# #........#........# #
##########........# #
########## #


You could see Thaneod's ghost.

Vanquished Creatures
  An ice beast (D:5)
  A necrophage (D:5)
  2 centaurs (D:5)
  A scorpion (D:4)
  A bullfrog zombie (D:5)
  4 hounds
  A bullfrog skeleton (D:4)
  3 orc wizards (D:4)
  A centaur skeleton (D:4)
  12 adders
  6 gnolls
  An ooze (D:1)
  2 worms
  2 dart slugs
  4 leopard geckos
  11 orcs
  8 giant cockroaches
  9 goblins
  5 hobgoblins
  7 jackals
  3 quokkas
  2 ball pythons
  7 bats
  3 frilled lizards
  2 kobolds
  7 rats
106 creatures vanquished.

Notes
Turn   | Place    | Note
-------+----------+-------------------------------------------
     0 | D:1      | Gorglomux the Draconian Arcane Marksman began the quest for the Orb.
     0 | D:1      | Reached XP level 1. HP: 16/16 MP: 2/2
   115 | D:1      | Reached XP level 2. HP: 24/24 MP: 1/3
   319 | D:1      | Reached skill level 2 in Fighting
  1004 | D:2      | Learned a level 2 spell: Slow
  1065 | D:2      | Reached XP level 3. HP: 27/30 MP: 0/4
  1436 | D:2      | Found an ancient bone altar of Kikubaaqudgha.
  1478 | D:2      | Found a sparkling altar of Nemelex Xobeh.
  1486 | D:2      | Reached skill level 3 in Fighting
  1486 | D:2      | Reached skill level 3 in Dodging
  1486 | D:2      | Reached XP level 4. HP: 26/38 MP: 5/5
  1522 | D:2      | Became a worshipper of Kikubaaqudgha
  2500 | D:3      | Reached XP level 5. HP: 34/46 MP: 6/6
  2687 | D:3      | Reached skill level 4 in Fighting
  2702 | D:3      | Found a stormy altar of Qazlal.
  2876 | D:3      | Reached * piety under Kikubaaqudgha
  2876 | D:3      | Identified Kikubaaqudgha's Papyrus of Sinister Rites {god gift} (Kikubaaqudgha gifted it to you on level 3 of the Dungeon)
  2876 | D:3      | Received a gift from Kikubaaqudgha
  3323 | D:4      | Reached XP level 6. HP: 50/53 MP: 5/7
  3415 | D:4      | Found a sacrificial altar of Ru.
  3911 | D:4      | Reached skill level 5 in Fighting
  4236 | D:5      | Entered Level 5 of the Dungeon
  4252 | D:5      | Noticed an ice beast
  4397 | D:5      | Noticed Thaneod's ghost (novice DEFE)
  4714 | D:5      | Your scales start taking on a rich purple colour.
  4714 | D:5      | Reached skill level 3 in Hexes
  4714 | D:5      | Reached XP level 7. HP: 49/60 MP: 8/8
  4972 | D:5      | Found a shadowy altar of Dithmenos.
  5214 | D:4      | Reached skill level 6 in Fighting
  5782 | D:4      | Reached ** piety under Kikubaaqudgha
  6367 | D:5      | Found a basalt altar of Yredelemnul.
  6499 | D:5      | Reached skill level 6 in Dodging
  6528 | D:5      | Reached skill level 7 in Fighting
  6614 | D:5      | Killed from afar by Thaneod's ghost

Vault maps used:
D:1:      dpeg_arrival_chase, corexii_hall_statues_i
D:2:      old_standard_altar, nicolae_overflow_crystal_walls
D:3:      old_standard_altar
D:4:      lemuel_crystal_altar, first_ration, chequers_ossuary_entry_cave
D:5:      lemuel_doored_altar, grunt_dithmenos_smoke_and_mirrors,
          uniq_blork_the_orc

Skill      XL: |  1  2  3  4  5  6  7 |
---------------+----------------------+-----
Dodging        | 2 3 4 5 6 |  6.1
Fighting       | 2 3 4 5 7 |  7.0
Hexes          | 3 |  3.2
Crossbows      | |  1.7
Spellcasting   | |  1.2

Action                   |  1- 3 |  4- 6 |  7- 9 || total
-------------------------+-------+-------+-------++-------
Melee: Trident           |       |    42 |    79 ||   121
       Unarmed           |       |    22 |       ||    22
       Tailslap          |       |     7 |     9 ||    16
 Fire: Hand crossbow     |    83 |   198 |     7 ||   288
 Cast: Corona            |     9 |    18 |     4 ||    31
       Slow              |     1 |     4 |       ||     5
 Abil: Breathe Dispellin |       |       |     6 ||     6
Evoke: Wand              |       |     1 |     4 ||     5
  Use: Scroll            |       |     8 |     3 ||    11
  Eat: Chunk             |     2 |     8 |     3 ||    13
       Ration            |       |     1 |     1 ||     2
Armor: Skin              |    10 |    51 |    27 ||    88
Dodge: Dodged            |    23 |   152 |    76 ||   251

Table legend:
 A = Spawn XP
 B = Non-spawn XP
 C = Spawn XP percentage of total XP
 D = Spawn monster count
 E = Non-spawn monster count
 F = Spawn count percentage of total count
 G = Total turns spent on level
                    A         B        C        D         E        F      G
               +---------+---------+-------+---------+---------+-------+---------
         Total |       0 |    1359 |   0.0 |       0 |     106 |   0.0 |  6614
               +---------+---------+-------+---------+---------+-------+---------
           D:1 |       0 |      30 |   0.0 |       0 |      15 |   0.0 |   863
           D:2 |       0 |      87 |   0.0 |       0 |      20 |   0.0 |  1277
           D:3 |       0 |     145 |   0.0 |       0 |      32 |   0.0 |  1012
           D:4 |       0 |     441 |   0.0 |       0 |      27 |   0.0 |  2822
           D:5 |       0 |     656 |   0.0 |       0 |      12 |   0.0 |   640
               +---------+---------+-------+---------+---------+-------+---------
